 Dungeon Crawl Stone Soup version 0.17-a0-1923-gc35365e (webtiles) character file.

19 musteatbrain the Sneak (level 2, -3/15 HPs)
             Began as a Vine Stalker Assassin on Sept 28, 2015.
             Slain by Sigmund
             ... wielding a +0 scythe
              (6 damage)
             ... on level 2 of the Dungeon.
             The game lasted 00:01:16 (1041 turns).

musteatbrain the Sneak (Vine Stalker Assassin)      Turns: 1041, Time: 00:01:16

Health: -3/15      AC:  3    Str: 13    XL:     2   Next: 75%
Magic:  0/3        EV: 11    Int: 11    God:
Gold:   44         SH:  0    Dex: 15    Spells: 0 memorised, 1 level left

rFire  . . .     SeeInvis .     a - +2 dagger
rCold  . . .     Clarity  +     c - +0 robe
rNeg   . . .     SustAt   .     (no shield)
rPois  .         Gourm    .     (no helmet)
rElec  .         Spirit   +     d - +0 cloak
rCorr  .         Warding  .     (no gloves)
rMut   .         Stasis   .     (no boots)
MR     .....                    h - amulet of clarity
Stlth  +++.......               (no ring)
                                (no ring)

@: not resistant to hostile enchantments, fairly stealthy
A: fangs 2, regeneration 1, magic shield, antimagic bite, no device heal 3, rot
immunity
a: no special abilities


You were on level 2 of the Dungeon.
You were not hungry.

You visited 1 branch of the dungeon, and saw 2 of its levels.

You collected 44 gold pieces.

Inventory:

Hand weapons
 a - a +2 dagger (weapon)
 b - a +0 blowgun
Missiles
 e - 8 poisoned needles
 f - 2 curare-tipped needles
Armour
 c - a +0 robe (worn)
 d - a +0 cloak (worn)
Jewellery
 h - an amulet of clarity (around neck)
 m - an uncursed ring of flight {unknown}
 o - an uncursed ring of ice {unknown}
Scrolls
 i - a scroll of enchant armour {unknown}
 j - a scroll of identify {unknown}
 l - a scroll of fog {unknown}
 n - a scroll of teleportation {unknown}
 p - 2 scrolls of remove curse {unknown}
Potions
 k - 2 potions of heal wounds {unknown}
Comestibles
 g - 2 bread rations


   Skills:
 + Level 2.1 Fighting
 * Level 2.3 Short Blades
 - Level 1.7 Throwing
 - Level 0.7 Dodging
 - Level 5.0 Stealth


You had one spell level left.
You didn't know any spells.

Dungeon Overview and Level Annotations

Branches:
Dungeon (2/15)

Altars:

Annotations:
D:2 Sigmund


Innate Abilities, Weirdness & Mutations

You have extremely sharp teeth.
Your natural rate of healing is unusually fast.
When hurt, damage is shared between your health and your magic reserves.
Your bite disrupts and absorbs the magic of your enemies.
Potions and wands cannot restore your health.
You are immune to rotting.


Message History

You hit Sigmund.
Sigmund is heavily wounded.
Sigmund falters for a moment.
You hit Sigmund. You bite Sigmund.
Sigmund's magic leaks into the air.
You drain his magic.
Sigmund is severely wounded.
Sigmund hits you with a scythe!
* * * LOW HITPOINT WARNING * * *
You are too injured to fight recklessly!
You are too injured to fight recklessly!
You are too injured to fight recklessly!
You are too injured to fight recklessly!
You hit Sigmund. Your bite misses Sigmund.
Sigmund is severely wounded.
You closely miss Sigmund. You bite Sigmund.
Sigmund's magic leaks into the air.
You drain his magic.
You feel invigorated.
Sigmund is almost dead.
Sigmund screams, "Die, monster!"
Sigmund hits you with a scythe!
You die...

# ## ######### #...
#........ #.$..
#........ #.....
####........
#....####+##........[..
#....@@................
#......................
##........).............
#............###........
#............# #........
#....†.......# #########
#.........†..#
#............# #
#............# #


You could see Sigmund.

Vanquished Creatures
  3 giant geckos
  2 goblins
  2 hobgoblins (D:1)
  3 kobolds
  2 giant newts (D:1)
  3 rats
15 creatures vanquished.

Notes
Turn   | Place    | Note
--------------------------------------------------------------
     0 | D:1      | musteatbrain the Vine Stalker Assassin began the quest for the Orb.
     0 | D:1      | Reached XP level 1. HP: 11/11 MP: 2/2
    86 | D:1      | Reached skill level 5 in Stealth
   326 | D:1      | Reached XP level 2. HP: 10/15 MP: 3/3
  1023 | D:2      | Noticed Sigmund
  1041 | D:2      | Slain by Sigmund

Vault maps used:
D:1:      roderic_crossed_star
D:2:      zin_statuary, minmay_shallow_snake_nest, uniq_natasha,
          uniq_crazy_yiuf_cottage, uniq_sigmund

Action                   || total
-------------------------++-------
Melee: Dagger            ||    47
 Stab: Sleeping          ||     4
